 Dungeon Crawl Stone Soup version 0.27.1-4-g1640c2035a (webtiles) character file.

Game seed: 4394931164557366798

225 jjjjhere the Charlatan (level 6, 0/47 HPs)
             Began as a Gnoll Artificer on Nov 8, 2021.
             Slain by a mummy (5 damage)
             ... on level 4 of the Dungeon.
             The game lasted 00:05:40 (3064 turns).

jjjjhere the Charlatan (Gnoll Artificer)            Turns: 3064, Time: 00:05:41

Health: 0/47       AC:  8    Str: 12    XL:     6   Next: 1%
Magic:  8/8        EV: 11    Int: 12    God:
Gold:   113        SH:  0    Dex: 12    Spells: 6/8 levels left

rFire    + . .     SeeInvis .   a - +1 short sword (venom)
rCold    + . .     Faith    .   (no shield)
rNeg     . . .     Spirit   .   j - +0 ring mail
rPois    +         Reflect  .   (no helmet)
rElec    +         Harm     .   (no cloak)
rCorr    +         Rampage  .   w - +0 pair of gloves
Will     .....                  t - +0 pair of boots
Stlth    +.........             q - amulet of the acrobat
HPRegen  0.15/turn              (no ring)
MPRegen  0.11/turn              (no ring)

@: brilliant, resistant
A: fangs 1, strong nose, distributed training
a: no special abilities


You were on level 4 of the Dungeon.
You visited 1 branch of the dungeon, and saw 4 of its levels.
You also visited: Ossuary.

You collected 113 gold pieces.

Inventory:

Hand Weapons
 a - a +1 short sword of venom (weapon)
 b - a +0 hunting sling
 f - a +0 dagger
 n - a +0 short sword
 p - a +0 club
Missiles
 u - 3 sling bullets
 x - 93 stones
Armour
 j - a +0 ring mail (worn)
 s - a +0 leather armour
 t - a +0 pair of boots (worn)
 w - a +0 pair of gloves (worn)
Jewellery
 q - an amulet of the acrobat (around neck)
Wands
 c - a wand of flame (38) (quivered)
 d - a wand of charming (15)
Scrolls
 h - a scroll of identify {unknown}
 i - a scroll of vulnerability {unknown}
 k - a scroll of magic mapping {unknown}
 l - 6 scrolls of teleportation {unknown}
 m - a scroll of fog {unknown}
Potions
 g - a potion of brilliance
 o - a potion of resistance
 r - a potion of haste {unknown}
 v - a potion of flight {unknown}
Miscellaneous
 e - a piece from Xom's chessboard (14/15)


   Skills:
 + Level 3.1 Fighting
 + Level 1.7 Short Blades
 + Level 1.7 Long Blades
 + Level 1.7 Axes
 + Level 1.7 Maces & Flails
 + Level 1.7 Polearms
 + Level 1.7 Staves
 + Level 1.7 Slings
 + Level 1.7 Bows
 + Level 1.7 Crossbows
 + Level 1.7 Throwing
 + Level 4.9 Armour
 + Level 3.1 Dodging
 + Level 2.9 Stealth
 + Level 1.7 Shields
 + Level 1.7 Unarmed Combat
 + Level 1.7 Spellcasting
 + Level 1.3 Conjurations
 + Level 1.3 Hexes
 + Level 1.3 Summonings
 + Level 1.3 Necromancy
 + Level 1.3 Translocations
 + Level 1.3 Transmutations
 + Level 1.3 Fire Magic
 + Level 1.3 Ice Magic
 + Level 1.3 Air Magic
 + Level 1.3 Earth Magic
 + Level 1.3 Poison Magic
 + Level 2.0 Invocations
 + Level 6.7 Evocations


You had 6 spell levels left.
You knew the following spells:

 Your Spells              Type           Power      Damage    Failure   Level
a - Ensorcelled Hibernat  Hex/Ice        12%        N/A       45%         2

Your spell library contained the following spells:

 Spells                   Type           Power      Damage    Failure   Level
 Corona                   Hex            6%         N/A       34%         1
 Ozocubu's Armour         Ice            6%         N/A       71%         3
 Tukima's Dance           Hex            6%         N/A       71%         3
 Metabolic Englaciation   Hex/Ice        3%         N/A       100%        5
 Simulacrum               Ice/Necr       3%         N/A       100%        6


Dungeon Overview and Level Annotations

Branches:
Dungeon (4/15)            Ossuary (visited)
 Temple: D:4-7

Altars:
Ashenzari


Innate Abilities, Weirdness & Mutations

You have very sharp teeth.
Your uncanny sense of smell can sniff out nearby items.
Your experience applies equally to all skills.


Message History

You hit the kobold zombie.
You destroy the kobold zombie!
Your Invocations skill increases to level 2!
You hit the mummy.
The mummy is lightly damaged.
The kobold zombie barely misses you.
You hit the mummy.
The mummy is moderately damaged.
The mummy closely misses you.
Welcome back to the Dungeon!
The hobgoblin barely misses you.
There is a collapsed entrance here.
Unknown command.
Unknown command.
You hit the mummy but do no damage. The hobgoblin barely misses you.
The mummy barely misses you.
Your ring mail prevents you from hitting the mummy.
The hobgoblin misses you. The mummy closely misses you.
You hit the mummy. You bite the mummy, but do no damage.
The mummy is lightly damaged.
The hobgoblin hits you but does no damage.
The mummy closely misses you. The mummy hits you! x2
You hit the mummy.
The mummy is lightly damaged.
The hobgoblin barely misses you. The mummy hits you!
You closely miss the mummy.
The mummy is lightly damaged.
The hobgoblin hits you but does no damage.
The mummy completely misses you. The mummy hits you but does no damage.
The hobgoblin closely misses you. The mummy hits you!
* * * LOW HITPOINT WARNING * * *
The mummy hits you but does no damage.
It was a potion of brilliance.
You feel clever all of a sudden. The mummy closely misses you.
The hobgoblin hits you but does no damage.
It was a potion of resistance.
You feel protected. The mummy hits you.
You die...

.............###
##.....##
#.....# #.....#
#...### ###
#...# ##8##
#...# #.g.#
#...#
#@MM###...#
#.M...∩...#
#...###..)#
#...# #...#
##8## #.[.# ###
#...# #...#
#..g# ...#


You could see 3 mummies and a hobgoblin.

Vanquished Creatures
  A water moccasin skeleton (D:2)
  Terence (D:2)
  6 gnolls
  2 adders
  A worm (D:2)
  7 orcs (D:3)
  4 endoplasms
  5 giant cockroaches
  A gnoll zombie (Ossuary)
  3 goblins
  6 hobgoblins
  3 jackals
  2 kobolds
  2 quokkas
  6 ball pythons
  4 bats
  6 frilled lizards
  2 hobgoblin zombies (Ossuary)
  2 kobold zombies (Ossuary)
  5 rats
69 creatures vanquished.

Notes
Turn   | Place    | Note
-------+----------+-------------------------------------------
     0 | D:1      | jjjjhere the Gnoll Artificer began the quest for the Orb.
     0 | D:1      | Reached XP level 1. HP: 17/17 MP: 1/1
   356 | D:1      | Found a faded altar of an unknown god.
   673 | D:1      | Reached XP level 2. HP: 22/23 MP: 2/2
  1124 | D:2      | Reached skill level 1 in Short Blades
  1124 | D:2      | Reached skill level 1 in Long Blades
  1124 | D:2      | Reached skill level 1 in Axes
  1124 | D:2      | Reached skill level 1 in Maces & Flails
  1124 | D:2      | Reached skill level 1 in Polearms
  1124 | D:2      | Reached skill level 1 in Staves
  1124 | D:2      | Reached skill level 1 in Slings
  1124 | D:2      | Reached skill level 1 in Bows
  1124 | D:2      | Reached skill level 1 in Crossbows
  1124 | D:2      | Reached skill level 1 in Throwing
  1124 | D:2      | Reached skill level 1 in Shields
  1124 | D:2      | Reached skill level 1 in Unarmed Combat
  1124 | D:2      | Reached skill level 1 in Spellcasting
  1124 | D:2      | Reached skill level 1 in Invocations
  1124 | D:2      | Reached XP level 3. HP: 24/28 MP: 2/4
  1124 | D:2      | Reached XP level 4. HP: 29/34 MP: 2/5
  1235 | D:2      | Reached skill level 1 in Conjurations
  1235 | D:2      | Reached skill level 1 in Hexes
  1235 | D:2      | Reached skill level 1 in Summonings
  1235 | D:2      | Reached skill level 1 in Necromancy
  1235 | D:2      | Reached skill level 1 in Translocations
  1235 | D:2      | Reached skill level 1 in Transmutations
  1235 | D:2      | Reached skill level 1 in Fire Magic
  1235 | D:2      | Reached skill level 1 in Ice Magic
  1235 | D:2      | Reached skill level 1 in Air Magic
  1235 | D:2      | Reached skill level 1 in Earth Magic
  1235 | D:2      | Reached skill level 1 in Poison Magic
  1290 | D:2      | Noticed Terence
  1579 | D:2      | Learned a level 2 spell: Ensorcelled Hibernation
  1798 | D:2      | Killed Terence
  1799 | D:2      | Reached XP level 5. HP: 40/40 MP: 5/7
  2809 | D:3      | Found a broken altar of Ashenzari.
  3005 | D:4      | Found a sand-covered staircase.
  3012 | Ossuary  | Entered an ossuary
  3027 | Ossuary  | Reached XP level 6. HP: 46/47 MP: 8/8
  3062 | D:4      | HP: 5/47 [mummy (14)]
  3064 | D:4      | Slain by a mummy

Illustrated notes

Levels and vault maps discovered:
D:1:      co_arrival_square_in_a_square_in_a_square, layout_basic,
          shapermc_ecumenical_altar_ellora, minmay_split_cup_large
D:2:      layout_rooms, uniq_terence
D:3:      layout_rooms, mainiacjoe_overflow_cross_hatched,
          minmay_close_crescents
D:4:      layout_basic, chequers_ossuary_entry_cave, serial_shops, shop,
          nicolae_shop_behind_doors, nicolae_inconvenience_store,
          kennysheep_mini_moat, nicolae_shop_trees

Skill      XL: |  1  2  3  4  5  6 |
---------------+-------------------+-----
Short Blades   | 1 |  1.7
Long Blades    | 1 |  1.7
Axes           | 1 |  1.7
Maces & Flails | 1 |  1.7
Polearms       | 1 |  1.7
Staves         | 1 |  1.7
Slings         | 1 |  1.7
Bows           | 1 |  1.7
Crossbows      | 1 |  1.7
Throwing       | 1 |  1.7
Shields        | 1 |  1.7
Unarmed Combat | 1 |  1.7
Spellcasting   | 1 |  1.7
Invocations    | 1 2 |  2.0
Conjurations   | 1 |  1.3
Hexes          | 1 |  1.3
Summonings     | 1 |  1.3
Necromancy     | 1 |  1.3
Translocations | 1 |  1.3
Transmutations | 1 |  1.3
Fire Magic     | 1 |  1.3
Ice Magic      | 1 |  1.3
Air Magic      | 1 |  1.3
Earth Magic    | 1 |  1.3
Poison Magic   | 1 |  1.3
Fighting       | 3 |  3.1
Dodging        | 3 |  3.1
Armour         | |  4.9
Stealth        | |  2.9
Evocations     | |  6.7

Action                   |  1- 3 |  4- 6 || total
-------------------------+-------+-------++-------
Melee: Dagger            |    72 |       ||    72
       Bite              |     5 |     6 ||    11
       Short sword       |     5 |   138 ||   143
 Fire: Hunting sling     |       |    60 ||    60
Evoke: Wand              |     3 |     2 ||     5
       Piece from Xom's  |       |     6 ||     6
  Use: Potion            |       |     2 ||     2
 Stab: Petrified         |       |    10 ||    10
       Paralysed         |       |     2 ||     2
       Sleeping          |       |     3 ||     3
Armor: Ring mail         |    17 |    55 ||    72
       Leather armour    |     3 |       ||     3
Dodge: Dodged            |    43 |    91 ||   134
